AoeStats
← marzzzel1337

Arabia

509687546Analyzed
2v2 RM · 5d ago on Sep 27, 2026· 46m 34s· 4 players
Game mode
Random Map
Map size
Medium (4 player)
Population
200
Speed
Normal
Resources
Standard
Victory
Conquest
Starting age
Dark Age
Ending age
Imperial Age
RankedLock teamsTeams togetherTeam positionsShared explorationLock speedFull tech treeHidden civsTurbo modeCheats
Victory
Defeat
🇹🇼 Franks · Taiwan
869
+17
🇨🇳 Maya · China
819
+19
🇩🇪 Japanese · Germany
936
-21
🇩🇪 Franks · Germany
827
-23
Neko
2:36 Loom
11:29 Feudal Age
15:40 Scale Barding Armor
31:45 Castle Age
29:45 Double-Bit Axe
29:54 Gold Mining
31:47 Wheelbarrow
31:05 Stone Mining
32:13 Pikeman
38:20 Forging
38:31 Chain Barding Armor
38:11 Scale Mail Armor
39:21 Murder Holes
39:50 Bow Saw
41:15 Hand Cart
44:21 Iron Casting
44:02 Chain Mail Armor
zeng2382024
0:46 Loom
11:14 Feudal Age
18:20 Castle Age
17:29 Double-Bit Axe
17:34 Horse Collar
19:04 Crossbowman
20:08 Gold Mining
23:20 Wheelbarrow
22:30 Town Watch
24:38 Padded Archer Armor
25:17 Fletching
27:21 Thumb Ring
30:43 Bow Saw
33:10 Leather Archer Armor
32:50 Bodkin Arrow
38:54 Forging
38:50 Squires
38:10 Eagle Warrior
38:36 Arson
40:30 Iron Casting
39:55 Scale Mail Armor
44:20 Imperial Age
42:12 Hand Cart
44:50 Elite Eagle Warrior
46:27 Murder Holes
46:54 Ballistics
Aircontrol
7:45 Loom
11:00 Feudal Age
12:11 Double-Bit Axe
12:53 Horse Collar
23:42 Castle Age
22:31 Bloodlines
25:03 Crossbowman
25:49 Thumb Ring
26:38 Bow Saw
26:21 Fletching
26:32 Padded Archer Armor
28:54 Bodkin Arrow
28:25 Elite Skirmisher
29:37 Ballistics
31:01 Murder Holes
39:53 Scale Barding Armor
39:50 Scale Mail Armor
40:01 Forging
42:23 Chain Mail Armor
42:44 Iron Casting
44:07 Chain Barding Armor
marzzzel1337
11:22 Feudal Age
13:20 Wheelbarrow
23:19 Scale Barding Armor
23:25 Forging
30:20 Castle Age
30:21 Gold Mining
31:37 Chain Barding Armor
31:53 Iron Casting
31:22 Husbandry
31:57 Hand Cart
31:30 Double-Bit Axe
32:23 Gold Shaft Mining
41:40 Bow Saw
47:24 Imperial Age
Connection lost

Rejoining the realm…

Still unreachable

The connection could not be restored.

Session expired

The server has moved on; the page needs a fresh start.